 Dungeon Crawl Stone Soup version 0.18.1-50-g88ac8fd (webtiles) character file.

12 Gianozzolo the Ruffian (level 2, -2/25 HPs)
             Began as a Naga Transmuter on Nov 14, 2017.
             Slain by a kobold
             ... wielding a +0 dagger
              (3 damage)
             ... on level 1 of the Dungeon.
             The game lasted 00:00:47 (141 turns).

Gianozzolo the Ruffian (Naga Transmuter)             Turns: 141, Time: 00:00:47

Health: -2/25      AC:  1    Str: 12    XL:     2   Next: 33%
Magic:  5/5        EV: 10    Int: 13    God:
Gold:   0          SH:  0    Dex: 11    Spells: 1 memorised, 4 levels left

rFire  . . .     SeeInvis +       - Unarmed
rCold  . . .     Gourm    .     b - +0 robe
rNeg   . . .     Faith    .     (no shield)
rPois  +         Spirit   .     (no helmet)
rElec  .         Dismiss  .     (no cloak)
rCorr  .         Reflect  .     (no gloves)
SustAt .         Harm     .     (no barding)
MR     .....                    (no amulet)
Stlth  +.........               (no ring)
                                (no ring)

@: short of breath, very slow, not resistant to hostile enchantments, very
unstealthy
A: see invisible, deformed body, poison resistance, slowness 2, slow metabolism
1, spit poison 2, AC +0
a: Spit Poison


You were on level 1 of the Dungeon.
You were not hungry.

You visited 1 branch of the dungeon, and saw 1 of its levels.

Inventory:

Armour
 b - a +0 robe (worn)
Scrolls
 e - a scroll of identify {unknown}
Books
 c - a book of Changes

   Spells                             Type                      Level
   a - Beastly Appendage              Transmutation                1
   b - Sticks to Snakes               Transmutation                2
   c - Spider Form                    Transmutation/Poison         3
   d - Ice Form                       Ice/Transmutation            4
   e - Blade Hands                    Transmutation                5
Comestibles
 a - 4 fruits
 d - 2 bread rations
 f - 2 chunks of flesh
 g - a royal jelly


   Skills:
 - Level 1.0 Fighting
 - Level 1.5 Dodging
 + Level 3.4 Unarmed Combat
 - Level 2.0 Spellcasting
 * Level 2.4 Transmutations


You had 4 spell levels left.
You knew the following spells:

 Your Spells              Type           Power        Failure   Level  Hunger
a - Beastly Appendage     Trmt           #.....       12%         1    ##.....


Dungeon Overview and Level Annotations

Branches:
Dungeon (1/15)

Altars:


Innate Abilities, Weirdness & Mutations

You cannot wear boots.
Your serpentine skin is tough (AC +0).
You have supernaturally acute eyesight.
Armour fits poorly on your strangely shaped body.
Your system is resistant to poisons.
You cover ground very slowly.
You have a slow metabolism.
You can spit poison.


Message History

The stone misses you.
You closely miss the goblin. Your headbutt misses the goblin.
Your punch misses the goblin. The goblin hits you with a spear.
* * * LOW HITPOINT WARNING * * *
The kobold throws a stone.
The stone closely misses you.
You closely miss the goblin. Your headbutt misses the goblin.
The goblin barely misses you.
You barely miss the goblin. The goblin hits you with a spear.
* * * LOW HITPOINT WARNING * * *
The kobold hits you with a dagger.
* * * LOW HITPOINT WARNING * * *
Press: ? - help, Shift-Dir - straight line, f/p - goblin
Aim: a goblin, wielding a spear The splash of poison misses the goblin.
You feel slightly more hungry.
Your horns disappear.
The goblin closely misses you. The kobold hits you with a dagger.
* * * LOW HITPOINT WARNING * * *
The goblin misses you. The kobold hits you with a dagger.
You die...

...#≈P...........P≈#
...#P.............P#
.................###
..##############.# ..##...#
#.## . ..##...#########..#
.# ..##...##.......(.## .^#
.................K.# ...#
...#...##.......@#†## g...#
......###.########g)#.....#
......# #.#.............[..
#.....# #.#.....###..##.g..
#.....# #.#.... #...# ..
......# #.#... #...#
).....# .#.. #.#.# ......#
. ..#.# ......# ..#..


You could see a kobold.

Vanquished Creatures
  A giant gecko (D:1)
  2 giant cockroaches (D:1)
  A goblin (D:1)
  2 hobgoblins (D:1)
  A kobold (D:1)
  A bat (D:1)
  2 rats (D:1)
10 creatures vanquished.

Notes
Turn   | Place    | Note
--------------------------------------------------------------
     0 | D:1      | Gianozzolo the Naga Transmuter began the quest for the Orb.
     0 | D:1      | Reached XP level 1. HP: 18/18 MP: 3/3
    85 | D:1      | Reached XP level 2. HP: 21/25 MP: 5/5
   139 | D:1      | HP: 1/25 [kobold/dagger (1)]
   141 | D:1      | Slain by a kobold

Action                   || total
-------------------------++-------
Melee: Unarmed           ||    23
       Headbutt          ||     4
 Cast: Beastly Appendage ||     6
 Abil: Spit Poison       ||     6
Armor: Robe              ||     9
Dodge: Dodged            ||    20
